 Dungeon Crawl Stone Soup version 0.26-a0-259-g1effd001a9 (webtiles) character file.

Game seed: 3303890966555575434

134 Apogee the Skirmisher (level 5, -17/47 HPs)
             Began as a Human Wanderer on July 11, 2020.
             Demolished by an ogre
             ... wielding a +0 giant spiked club
              (27 damage)
             ... on level 4 of the Dungeon.
             The game lasted 00:03:03 (3113 turns).

Apogee the Skirmisher (Human Wanderer)              Turns: 3113, Time: 00:03:04

Health: -17/47     AC:  5    Str: 12    XL:     5   Next: 40%
Magic:  5/5        EV: 10    Int: 14    God:
Gold:   163        SH:  0    Dex: 12    Spells: 4/4 levels left

rFire    . . .     SeeInvis .   a - +2 spear
rCold    . . .     Faith    .   (no shield)
rNeg     . . .     Spirit   .   i - +0 leather armour (curse)
rPois    .         Reflect  .   (no helmet)
rElec    .         Harm     .   p - +0 cloak
rCorr    .                      j - +0 pair of gloves
MR       .....                  (no boots)
Stlth    ++........             (no amulet)
HPRegen  0.15/turn              (no ring)
MPRegen  0.09/turn              (no ring)

@: no status effects
A: no striking features
a: no special abilities


You were on level 4 of the Dungeon.
You were not hungry.

You visited 1 branch of the dungeon, and saw 4 of its levels.

You collected 163 gold pieces.

Inventory:

Hand Weapons
 a - a +2 spear (weapon)
 e - a +0 dagger
 q - a +0 dagger of flaming
Missiles
 n - 12 javelins (quivered)
Armour
 d - a +0 robe
 i - a cursed +0 leather armour (worn)
 j - a +0 pair of gloves (worn)
 p - a +0 cloak (worn)
 s - a +0 plate armour
 v - a +2 tower shield
 y - a +0 helmet
Wands
 w - a wand of enslavement (10)
Scrolls
 c - a scroll of fog {unknown}
 g - 5 scrolls of identify {unknown}
 h - 6 scrolls of remove curse {unknown}
 l - a scroll of teleportation {unknown}
 o - a scroll of fear {unknown}
 u - a scroll of amnesia {unknown}
 x - 3 scrolls of enchant weapon {unknown}
Potions
 b - 2 potions of lignification {!q}
 k - 2 potions of brilliance {unknown}
 m - a potion of degeneration {unknown}
 r - a potion of ambrosia {unknown}
 t - a potion of mutation {unknown}
Comestibles
 f - 12 rations


   Skills:
 + Level 6.3 Fighting
 - Level 4.0 Stealth
 - Level 2.0 Shields


You had 4 spell levels left.
You didn't know any spells.
Your spell library was empty.

Dungeon Overview and Level Annotations

Branches:
Dungeon (4/15)
 Temple: D:4-7

Altars:
Trog
Xom


Message History

Press: ? - help, Dir - move target cursor, f - ogre
Aim: an ogre, wielding a +0 giant spiked club You reach to attack!
You closely miss the ogre. You hit the ogre.
The ogre is lightly wounded.
The ogre hits you with a +0 giant spiked club!
You barely miss the ogre.
A white imp comes into view.
You hit the ogre.
The ogre is lightly wounded.
The ogre hits you with a +0 giant spiked club!!
Ouch! That really hurt!
* * * LOW HITPOINT WARNING * * *
You are too injured to fight recklessly!
You are too injured to fight recklessly!
You are too injured to fight recklessly!
There is a stone staircase leading up here.
The ogre hits you with a +0 giant spiked club!!
Ouch! That really hurt!
You die...

### ###########
....##.........###.
###......#......5..
.....(.#.#O###.###.
..........@#
###.####.### #.#
#.# #.# #.# ... #..


You could see an ogre.

Vanquished Creatures
  4 adders
  A dart slug (D:1)
  3 worms (D:2)
  4 leopard geckos
  4 orcs (D:3)
  A ball python (D:1)
  13 giant cockroaches
  3 goblins
  6 hobgoblins (D:1)
  15 jackals
  2 kobolds (D:3)
  A quokka (D:3)
  6 bats
  4 frilled lizards
  4 rats
71 creatures vanquished.

Notes
Turn   | Place    | Note
-------+----------+-------------------------------------------
     0 | D:1      | Apogee the Human Wanderer began the quest for the Orb.
     0 | D:1      | Apogee set off with the following items: a +2 spear, a
                  | potion of lignification {!q}, a potion of curing, a +0
                  | robe, a +0 dagger, 2 rations
     0 | D:1      | Reached XP level 1. HP: 19/19 MP: 1/1
   106 | D:1      | Reached XP level 2. HP: 14/26 MP: 2/2
   573 | D:1      | Reached XP level 3. HP: 31/32 MP: 3/3
   673 | D:1      | Reached skill level 5 in Fighting
  1175 | D:2      | Reached XP level 4. HP: 38/39 MP: 4/4
  1919 | D:3      | Reached skill level 6 in Fighting
  1919 | D:3      | Reached XP level 5. HP: 37/46 MP: 5/5
  2315 | D:3      | Found a faded altar of an unknown god.
  2996 | D:3      | Found a shimmering altar of Xom.
  3003 | D:3      | Found a bloodstained altar of Trog.
  3105 | D:4      | Noticed an ogre
  3113 | D:4      | Demolished by an ogre

Illustrated notes

Levels and vault maps discovered:
D:1:      tarquinn_simple_flora_water_f, layout_basic
D:2:      minmay_roachtagon, layout_basic, minmay_crystal_water
D:3:      layout_loops_corners, amethyst_overflow_temple_binary,
          chequers_ecumenical_altar_simple_redux, first_ration
D:4:      layout_loops_ring, minmay_temple_entry_tees, uniq_menkaure

Skill      XL: |  1  2  3  4 |
---------------+-------------+-----
Fighting       | 5 6 |  6.3
Stealth        | |  4.0
Shields        | |  2.0

Action                   |  1- 3 |  4- 6 || total
-------------------------+-------+-------++-------
Melee: Spear             |   102 |   195 ||   297
  Use: Potion            |     1 |       ||     1
 Stab: Sleeping          |     9 |     3 ||    12
  Eat: Ration            |     1 |     1 ||     2
Armor: Leather armour    |    30 |    86 ||   116
       Robe              |     3 |       ||     3
Dodge: Dodged            |    51 |   135 ||   186

Table legend:
 A = Non-vault XP
 B = Vault XP
 C = Vault XP percentage of total XP
 D = Non-vault monster count
 E = Vault monster count
 F = Vault count percentage of total count
                 A         B        C        D         E       F
            +---------+---------+-------+---------+---------+-------
      Total |     172 |      20 |  10.4 |      61 |      10 |  14.1
            +---------+---------+-------+---------+---------+-------
        D:1 |      39 |       0 |   0.0 |      20 |       0 |   0.0
        D:2 |      66 |      20 |  23.3 |      21 |      10 |  32.3
        D:3 |      67 |       0 |   0.0 |      20 |       0 |   0.0
            +---------+---------+-------+---------+---------+-------
